Map: Aura mortal EE

Players

Aicrag - Winner!

  • Race: Zerg Zerg
  • Spawn Location: 11:00

MrFercho

  • Race: Zerg Zerg
  • League: Silver
  • Spawn Location: 5:00

VOD

Have the link to the VOD?

Description

Time

  • Played on: June 23, 2020, 4:41 p.m.
  • Length: 12:27
Show
View Real Time Build Order
Export as new Build Order

Aicrag Zerg - Winner!

Build Orders: Pool First 

Get SALT Encoding   

  12  0:08  Overlord  
  12  0:14  Drone  
  12  0:18  Drone  
  14  0:26  Drone  
  15  0:34  Drone  
  16  0:46  Spawning Pool  
  16  0:47  Drone  
  16  0:52  Drone  
  17  1:10  Extractor  
  17  1:11  Overlord  
  16  1:28  Drone x2  
  18  1:39  Zergling x2  
  19  1:46  Zergling x2  
  20  1:49  Queen  
  22  1:57  Zergling x2  
  23  2:03  Hatchery  
  23  2:07  Zergling x2  
  23  2:18  Zergling x2  
  24  2:28  Zergling x2  
  25  2:42  Queen  
  25  2:43  Overlord  
  27  2:51  Drone  
  27  2:58  Drone x2  
  30  3:05  Metabolic Boost  
  29  3:29  Zergling x4  
  29  3:30  Zergling x2  
  29  3:33  Extractor  
  30  3:36  Drone x2  
  31  3:48  Zergling x6  
  32  3:58  Drone x3  
  34  4:09  Lair  
  34  4:11  Zergling x8  
  34  4:16  Drone x3  
  34  4:17  Drone  
  42  4:18  Queen  
  36  5:06  Drone x2  
  36  5:08  Zergling x8  
  36  5:12  Zergling x8  
  36  5:14  Overlord x2  
  44  5:15  Overlord x3  
  44  5:30  Hatchery, Roach Warren  
  44  5:33  Drone  
  43  5:41  Drone  
  43  5:42  Drone x4  
  48  5:45  Zergling x8  
  52  6:02  Zergling x4  
  54  6:15  Roach x2  
  54  6:16  Roach x3  
  54  6:17  Glial Reconstitution  
  64  6:20  Zergling x8  
  68  6:35  Roach  
  68  6:38  Roach x2  
  74  6:40  Zergling x2  
  74  6:41  Zergling x6  
  78  6:48  Roach x2  
  78  6:49  Roach  
  78  6:52  Roach  
  86  7:03  Drone  
  86  7:04  Drone x2  
  89  7:11  Drone  
  89  7:13  Overlord x3  
  90  7:18  Extractor  
  90  7:20  Zergling x2  
  90  7:22  Overlord  
  90  7:24  Overlord  
  90  7:25  Overlord x2  
  62  8:14  Zergling x6  
  62  8:15  Zergling x10  
  70  8:24  Zergling x6  
  73  8:27  Drone x3  
  73  8:28  Drone x2  
  72  8:37  Drone x2  
  71  8:50  Zergling x4  
  63  8:55  Zergling x2  
  63  8:56  Zergling x6  
  63  8:58  Zergling x10  
  64  9:17  Drone  
  64  9:18  Drone x3  
  64  9:22  Roach x4  
  64  9:23  Roach  
  75  9:35  Extractor  
  74  9:41  Roach x3  
  74  9:42  Roach x3  
  86  9:48  Ravager x5  
  91  9:57  Roach x4  
  99  10:02  Roach  
  99  10:03  Roach x3  
  99  10:04  Roach  
  99  10:05  Ravager  
  99  10:06  Ravager x5  
  115  10:16  Zergling x8  
  119  10:22  Zergling x4  
  119  10:23  Zergling x2  
  122  10:41  Drone  
  122  10:42  Drone x2  
  125  10:45  Extractor  
  124  10:51  Hatchery  
  93  11:36  Zergling x12  
  93  11:37  Zergling x4  
  93  11:38  Zergling x14  
  93  11:39  Zergling x4  
  109  11:40  Zergling x12  
  99  11:52  Ravager x2  
Show
View Real Time Build Order
Export as new Build Order

MrFercho Zerg 

Build Orders: Hatch First 

Get SALT Encoding   

  12  0:02  Drone  
  13  0:13  Overlord  
  13  0:17  Drone  
  14  0:32  Drone x2  
  16  0:50  Hatchery  
  16  0:53  Drone  
  16  1:08  Spawning Pool  
  16  1:11  Drone  
  16  1:15  Drone  
  17  1:18  Drone  
  17  1:22  Drone  
  19  1:32  Drone  
  20  1:41  Extractor  
  20  1:43  Drone  
  20  1:54  Drone  
  21  2:01  Queen  
  21  2:08  Overlord  
  23  2:09  Overlord  
  23  2:11  Queen  
  23  2:13  Drone  
  26  2:15  Drone  
  27  2:24  Drone  
  27  2:27  Drone  
  29  2:34  Drone  
  29  2:37  Drone  
  31  2:46  Drone  
  32  2:52  Queen  
  32  2:53  Lair  
  32  2:55  Drone  
  32  2:56  Drone  
  36  3:06  Roach Warren  
  36  3:12  Drone x3  
  38  3:16  Spine Crawler  
  34  3:29  Spine Crawler  
  34  3:31  Spine Crawler  
  19  3:50  Queen  
  21  3:56  Drone x3  
  21  3:57  Drone x4  
  27  4:03  Queen  
  29  4:16  Drone x2  
  31  4:39  Drone x5  
  29  5:02  Drone  
  29  5:03  Drone x3  
  33  5:08  Queen  
  35  5:14  Roach Warren  
  35  5:20  Spine Crawler  
  33  5:23  Drone x5  
  38  5:40  Evolution Chamber  
  38  5:42  Drone x4  
  41  5:45  Evolution Chamber  
  40  5:56  Overlord x2  
  40  5:58  Drone x3  
  43  6:06  Zerg Missile Weapons Level 1  
  43  6:10  Drone  
  44  6:14  Zerg Ground Armor Level 1  
  44  6:15  Drone  
  44  6:16  Extractor  
  44  6:17  Extractor, Roach x4  
  51  6:33  Roach x4  
  51  6:35  Overlord x2  
  51  6:37  Drone  
  60  7:01  Drone x4  
  64  7:13  Roach x4  
  64  7:14  Hatchery  
  71  7:27  Roach  
  71  7:28  Roach  
  71  7:29  Overlord x2  
  61  7:55  Ravager  
  61  7:56  Ravager  
  57  7:59  Roach x2  
  57  8:00  Roach x4  
  60  8:16  Roach x2  
  54  8:27  Queen x2  
  54  8:30  Roach x2  
  58  8:38  Ravager  
  45  8:59  Roach x6  
  49  9:26  Drone x4  
  53  9:41  Evolution Chamber  
  52  9:47  Hydralisk Den  
  51  9:57  Drone x6  
  51  9:58  Extractor  
  56  10:15  Spine Crawler  
  56  10:16  Spine Crawler  
  54  10:23  Hydralisk  
  54  10:24  Hydralisk x3  
  62  10:29  Grooved Spines  
  62  10:35  Lurker Den, Drone x2  
  64  10:37  Overseer  
  64  10:42  Hydralisk x4  
  65  10:46  Queen  
  73  11:11  Hydralisk x7  
  42  11:32  Hydralisk x6  
  30  11:50  Hydralisk  
Tags
 
League
Silver
Matchup
ZvZ
Race
Zerg
Replay Pack
MrFercho
Spawn Locations
Cross Positions
Add a new tag
Caveats
  • Supply blocks, unpowered buildings, or Contaminate may cause inaccurate times.
  • Supply counts are checked every 10 seconds.